 Dungeon Crawl Stone Soup version 0.31.0-32-g396128a36d (webtiles) character file.

Game seed: 17480007950179397976

80886 Seamuus the Executioner (level 15, -4/222 HPs)
             Began as a Minotaur Berserker on Mar 29, 2024.
             Was the Champion of Trog.
             Slain by a death knight
             ... wielding a +3 morningstar of flaming
              (14 damage)
             ... on level 13 of the Dungeon.
             The game lasted 00:47:59 (17546 turns).

Seamuus the Executioner (Minotaur Berserker)       Turns: 17546, Time: 00:48:00

Health: -4/222     AC: 24    Str: 28    XL:     15   Next: 25%
Magic:  4/4        EV: 14    Int:  4    God:    Trog [******]
Gold:   1391       SH:  0    Dex: 11    Spells: 14/14 levels left

rFire   . . .        U - +8 executioner's axe of Idgheilet {antimagic, rPois rC+}
rCold   + . .        (shield currently unavailable)
rNeg    . . .        o - +0 plate armour
rPois   +            (helmet restricted)
rElec   .            f - +2 cloak
rCorr   .            Q - +1 pair of gloves {hurl}
SInv    .            (no boots)
Will    +....        u - amulet of regeneration Stlth
                     e - +5 ring of evasion
HPRegen 1.37/turn    l - +4 ring of slaying
MPRegen 0.09/turn

%: no passive effects
@: berserking, studying Axes, very quick
A: horns 2, retaliatory headbutt
a: Renounce Religion, Berserk, Trog's Hand, Brothers in Arms


You were on level 13 of the Dungeon.
You worshipped Trog.
Trog was exalted by your worship.
You visited 3 branches of the dungeon, and saw 20 of its levels.
You also visited: Bailey.

You collected 1872 gold pieces.
You spent 481 gold pieces at shops.

Inventory:

Hand Weapons
 U - the +8 executioner's axe of Idgheilet (weapon) {antimagic, rPois rC+}
   (Trog gifted it to you on level 10 of the Dungeon)

   rC+:       It protects you from cold.
   rPois:     It protects you from poison
Missiles
 r - 6 throwing nets (quivered)
Armour
 f - a +2 cloak (worn)
 o - a +0 plate armour (worn)
 Q - a +1 pair of gloves of hurling (worn)
 W - a scarf of invisibility
Jewellery
 d - a ring of willpower
 e - a +5 ring of evasion (left hand)
 j - an amulet of guardian spirit
 l - a +4 ring of slaying (right hand)
 u - an amulet of regeneration (around neck)
 B - a ring of protection from cold
 H - a ring of resist corrosion
 M - a +6 ring of dexterity
 O - a +5 ring of evasion
Wands
 A - a wand of digging (7)
 G - a wand of roots (13)
 Z - a wand of paralysis (8)
Scrolls
 a - a scroll of brand weapon {unknown}
 g - 7 scrolls of teleportation
 h - 4 scrolls of identify
 i - 3 scrolls of revelation
 m - 2 scrolls of silence
 w - 5 scrolls of enchant weapon
 x - a scroll of enchant armour {unknown}
 y - a scroll of fear {unknown}
 z - 3 scrolls of noise
 C - 4 scrolls of fog
 I - 3 scrolls of summoning
 L - 3 scrolls of blinking
 R - 2 scrolls of poison
 S - 3 scrolls of vulnerability
 Y - 3 scrolls of immolation
Potions
 b - 3 potions of brilliance
 c - 7 potions of heal wounds
 k - a potion of enlightenment {unknown}
 n - a potion of cancellation {unknown}
 p - 7 potions of attraction
 q - 3 potions of might
 s - a potion of lignification {unknown}
 t - 3 potions of haste
 v - a potion of resistance {unknown}
 D - 7 potions of curing
 E - a potion of magic {unknown}
 F - 3 potions of mutation
 K - 3 potions of degeneration
Miscellaneous
 N - a tin of tremorstones (2/2)
 P - a sack of spiders


   Skills:
 + Level 17.7 Fighting
 * Level 22.8 Axes
 + Level 17.4 Armour
 - Level 2.4 Dodging


You had 14 spell levels left.
You didn't know any spells.
Your spell library contained the following spells:

 Spells                   Type           Power      Damage    Failure   Level
 Tukima's Dance           Hex            0%         N/A       100%        3
 Passage of Golubria      Tloc           0%         N/A       100%        4
 Yara's Violent Unravell  Hex/Alch       0%         3d3       100%        5


Dungeon Overview and Level Annotations

Branches:
Dungeon (13/15)            Temple (0/1) D:5            Lair (5/5) D:11
 Shoals (0/4) Lair:2        Snake (0/4) Lair:3        Slime (0/5) Lair:4
    Orc (2/2) D:9             Elf (0/3) Orc:2        Bailey (visited)
 Vaults: D:13-14

Altars:
Cheibriados
Gozag
Kikubaaqudgha
Nemelex Xobeh
Okawaru
Ru
Sif Muna
Trog
Uskayaw
Wu Jian
Xom
Yredelemnul

Shops:
D:10 *   Orc:2 *(:*(

Annotations:
D:9 2 transporters
Lair:1 1 runed translucent door, cerulescent's ghost, journeyman AtHs


Innate Abilities, Weirdness & Mutations

You have a pair of horns on your head.
You reflexively headbutt those who attack you in melee.


Message History

The rakshasa hits you with a +0 trident.
* * * LOW HITPOINT WARNING * * *
You are too injured to fight recklessly!
A red film seems to cover your vision as you go berserk!
You feel yourself moving faster!
You feel mighty!
The death knight hits you with a +4 battleaxe.
* * * LOW HITPOINT WARNING * * *
The rakshasa hits you but does no damage.
The death knight barely misses you.
You are too injured to fight recklessly!
You slice the death knight!!
You kill the death knight!
The death knight's corpse shimmers and vanishes!
You slice the death knight!! You slice the rakshasa!!
You kill the rakshasa!
The rakshasa shimmers and vanishes!
The death knight reflects your damage back at you!
* * * LOW HITPOINT WARNING * * *
Your damage is reflected back at you!
* * * LOW HITPOINT WARNING * * *
The death knight mumbles some strange prayers to Yredelemnul against you.
Your body is wracked with pain!
* * * LOW HITPOINT WARNING * * *
You closely miss the death knight.
The death knight is almost dead.
You slice the death knight!! You barely miss the death knight.
The death knight is almost dead.
You barely miss the death knight. You hit the death knight.
Your headbutt misses the death knight.
The death knight is almost dead.
You slash the death knight!
The death knight reflects your damage back at you!
* * * LOW HITPOINT WARNING * * *
The death knight completely misses you. You furiously retaliate!
You headbutt the death knight!
The death knight reflects your damage back at you!
* * * LOW HITPOINT WARNING * * *
The death knight hits you with a +3 morningstar of flaming!
You die...

########################
#........?.#####........
"..#.#.......#.......#.#
...R#.#@............#.#.
.....#p#p....#.....#.#..
......#R#.........#.#...
.......#R#...#)..#.#....
.....#..#.#.....#.#..#..
#........!..#.#...#.#......
#######...#..#.#.#.#..#.†..
########..)................
##########################.


You could see 2 death knights and 3 rakshasas.

Vanquished Creatures
  Rupert (Orc:2)
  Gastronok (Lair:2)
  Azrael (Orc:2)
  6 centaur warriors
  5 death yaks (Lair:5)
  A death knight (D:13)
  5 two-headed ogres
  Nergalle (Lair:3)
  Sonja (Lair:3)
  2 skysharks
  11 skeletal warriors
  Pikel (D:6)
  2 orc knights (Orc:2)
  2 orc sorcerers (Orc:2)
  2 ugly things (D:13)
  2 cyclopes
  Maurice (D:9)
  3 manticores (D:13)
  6 black mambas
  A merfolk siren (Lair:2)
  6 elephants (Lair:2)
  2 torpor snails
  A gargoyle (D:11)
  6 kobold blastminers
  Maggie (Lair:1)
  10 cane toads
  A kobold demonologist (D:12)
  3 rime drakes
  17 komodo dragons
  A tengu conjurer (D:13)
  3 trolls
  10 hornets
  A merfolk (Lair:2)
  2 queen bees (shapeshifter) (D:13)
  6 polar bears
  12 blink frogs
  Grinder (D:6)
  22 dream sheep
  A slime creature (D:13)
  A shapeshifter (D:13)
  16 spriggans (Lair:5)
  5 centaur simulacra (D:13)
  2 wraiths (D:11)
  2 wyverns
  39 yaks
  A shadow (D:11)
  A fire elemental (Orc:2)
  A warg (shapeshifter) (D:13)
  4 steam dragons
  5 basilisks
  9 vampire mosquitoes
  5 hell hounds (Orc:2)
  An acid dragon (D:13)
  22 water moccasins
  A water moccasin (shapeshifter) (D:13)
  12 black bears
  28 orc warriors
  A sky beast (D:7)
  A crocodile (shapeshifter) (D:13)
  3 boggarts (Lair:5)
  A laughing skull (D:13)
  2 ogres (D:5)
  37 wolves
  12 centaurs
  3 lemures (D:6)
  3 phantoms
  3 kobold brigands
  9 gnoll sergeants
  12 bullfrogs
  A scorpion (D:5)
  3 wights (D:8)
  5 killer bees (D:9)
  A howler monkey (D:13)
  A lava snake (D:11)
  14 orc priests
  2 bombardier beetles
  2 sleepcaps
  6 gnoll boudas (Bailey)
  7 hounds
  2 jellies
  Jessica (D:2)
  4 iguanas
  19 orc wizards
  Ijyb (D:3)
  26 gnolls
  5 adders
  An ufetubus (D:6)
  A ribbon worm (D:5)
  3 dart slugs
  62 orcs
  6 ball pythons
  2 bats
  4 endoplasms
  2 giant cockroaches
  4 goblins
  6 hobgoblins
  6 quokkas
  2 frilled lizards
  24 kobolds
  4 rats
630 creatures vanquished.

Vanquished Creatures (others)
  An orc (Orc:2)
1 creature vanquished.

Grand Total: 631 creatures vanquished

Notes
Turn   | Place    | Note
-------+----------+-------------------------------------------
     0 | D:1      | Seamuus the Minotaur Berserker began the quest for the Orb.
     0 | D:1      | Reached XP level 1. HP: 19/19 MP: 0/0
   387 | D:1      | Reached XP level 2. HP: 27/27 MP: 1/1
  1000 | D:2      | Noticed Jessica
  1003 | D:2      | Reached skill level 4 in Axes
  1013 | D:2      | Reached XP level 3. HP: 33/33 MP: 2/2
  1017 | D:2      | Killed Jessica
  1102 | D:2      | Reached ** piety under Trog
  1183 | D:2      | Reached XP level 4. HP: 40/41 MP: 3/3
  1387 | D:2      | Found a faded altar of an unknown god.
  1470 | D:3      | Found a bloodstained altar of Trog.
  1666 | D:3      | You fall into a shaft and drop 2 floors!
  1666 | D:5      | Entered Level 5 of the Dungeon
  1675 | D:5      | Noticed a water moccasin
  1687 | D:5      | Killed a water moccasin
  1688 | D:5      | Reached skill level 5 in Fighting
  1688 | D:5      | Reached skill level 5 in Axes
  1688 | D:5      | Reached XP level 5. HP: 48/48 MP: 4/4
  1715 | D:5      | Noticed a black bear
  1724 | D:5      | Killed a black bear
  1725 | D:5      | Reached XP level 6. HP: 51/57 MP: 5/5
  1729 | D:5      | Found a staircase to the Ecumenical Temple.
  1743 | D:5      | Reached skill level 5 in Armour
  1951 | D:4      | Reached skill level 6 in Axes
  1988 | D:3      | Noticed Ijyb
  2001 | D:3      | Killed Ijyb
  2002 | D:3      | Reached XP level 7. HP: 52/63 MP: 6/6
  2153 | D:3      | Found an ancient bone altar of Kikubaaqudgha.
  2484 | D:3      | Found an ornate altar of the Wu Jian Council.
  3008 | D:4      | Found a hide-covered altar of Uskayaw.
  3121 | D:4      | Found a shimmering blue altar of Sif Muna.
  3439 | D:5      | Reached skill level 7 in Axes
  3448 | D:5      | Reached *** piety under Trog
  3477 | D:5      | Reached XP level 8. HP: 73/73 MP: 7/7
  3712 | D:5      | Found a snail-covered altar of Cheibriados.
  3782 | D:5      | Found a sacrificial altar of Ru.
  3961 | D:6      | Noticed Grinder
  3968 | D:6      | Killed Grinder
  3969 | D:6      | Reached skill level 8 in Axes
  4008 | D:6      | Noticed a cyclops
  4016 | D:6      | Killed a cyclops
  4142 | D:6      | Reached XP level 9. HP: 82/83 MP: 8/8
  4148 | D:6      | Reached skill level 9 in Axes
  4530 | D:6      | Noticed Pikel
  4548 | D:6      | Killed Pikel
  4549 | D:6      | Reached skill level 10 in Fighting
  4857 | D:7      | Reached skill level 10 in Axes
  4963 | D:7      | Found an iron altar of Okawaru.
  4965 | D:7      | Found a basalt altar of Yredelemnul.
  5014 | D:7      | Reached skill level 10 in Armour
  5071 | D:7      | Reached **** piety under Trog
  5613 | D:8      | Reached XP level 10. HP: 94/94 MP: 9/9
  5644 | D:8      | Found a sparkling altar of Nemelex Xobeh.
  5691 | D:8      | Paralysed by a hornet for 1 turns
  5696 | D:8      | Paralysed by a hornet for 1 turns
  5807 | D:8      | Found a flagged portal.
  5823 | Bailey   | Entered a bailey
  5958 | Bailey   | Reached skill level 11 in Axes
  6309 | D:8      | Found an opulent altar of Gozag.
  6958 | D:9      | Noticed Maurice
  6970 | D:9      | Something stole a sack of spiders
  6972 | D:9      | Something stole a ring of positive energy
  6988 | D:9      | Maurice stole 6 throwing nets
  6990 | D:9      | Killed Maurice
  7050 | D:9      | Found a transporter.
  7069 | D:9      | Found a transporter.
  7163 | D:9      | Found a staircase to the Orcish Mines.
  7170 | D:9      | Reached ***** piety under Trog
  7235 | D:9      | Found a shimmering altar of Xom.
  7330 | D:9      | Reached skill level 12 in Axes
  7496 | D:10     | Entered Level 10 of the Dungeon
  7496 | D:10     | Noticed a two-headed ogre
  7503 | D:10     | Reached XP level 11. HP: 105/105 MP: 10/10
  7504 | D:10     | Killed a two-headed ogre
  7846 | D:10     | Identified the +8 executioner's axe of Idgheilet
                  | {antimagic, rPois rC+} (Trog gifted it to you on level 10
                  | of the Dungeon)
  7846 | D:10     | Received a gift from Trog
  7870 | D:10     | Found Qeasuq's CLEARANCE SALE!.
  7881 | D:10     | Bought a scroll of identify for 6 gold pieces
  7901 | D:10     | Paralysed by a hornet for 1 turns
  8202 | D:11     | Reached skill level 13 in Axes
  8266 | D:11     | Noticed a two-headed ogre
  8272 | D:11     | Killed a two-headed ogre
  8392 | D:11     | Found a staircase to the Lair.
  8664 | Lair:1   | Entered Level 1 of the Lair of Beasts
  8736 | Lair:1   | Found a runed translucent door.
  8736 | Lair:1   | Noticed cerulescent's ghost (journeyman AtHs)
  8842 | Lair:1   | Reached skill level 14 in Axes
  8913 | Lair:1   | Identified the +8 quarterstaff "Epekhlagu" {flame, rC+
                  | Dex+2}
  8920 | Lair:1   | Noticed Maggie
  8930 | Lair:1   | Killed Maggie
  9149 | Lair:1   | Reached XP level 12. HP: 113/116 MP: 3/11
  9757 | Lair:2   | Reached skill level 15 in Axes
  9995 | Lair:2   | Noticed Gastronok
 10014 | Lair:2   | Killed Gastronok
 10263 | Lair:2   | Found a staircase to the Shoals.
 10282 | Lair:2   | Reached skill level 16 in Axes
 10842 | Lair:3   | Reached skill level 15 in Fighting
 10842 | Lair:3   | Reached XP level 13. HP: 91/126 MP: 4/12
 10885 | Lair:3   | Found a gate leading to a gauntlet.
 10925 | Lair:3   | Noticed Sonja
 10931 | Lair:3   | Killed Sonja
 10972 | Lair:3   | Found a staircase to the Snake Pit.
 10980 | Lair:3   | Received a gift from Trog
 11006 | Lair:3   | Reached skill level 17 in Axes
 11089 | Lair:3   | Noticed Nergalle
 11113 | Lair:3   | Killed Nergalle
 11229 | Lair:3   | Reached skill level 15 in Armour
 12045 | Lair:4   | Found a staircase to the Slime Pits.
 12218 | Lair:5   | Entered Level 5 of the Lair of Beasts
 12282 | Lair:5   | Reached skill level 18 in Axes
 12590 | Lair:5   | Received a gift from Trog
 12751 | Lair:5   | Reached XP level 14. HP: 137/137 MP: 4/13
 12864 | Lair:5   | Reached skill level 19 in Axes
 13109 | Lair:5   | Reached ****** piety under Trog
 13450 | Lair:5   | Identified the +7 hand axe of Diorr {antimagic, rPois Will+
                  | Int-4 Stlth+}
 14419 | D:12     | Reached skill level 20 in Axes
 14482 | D:12     | Received a gift from Trog
 14606 | D:12     | Identified the +8 chain mail of Nihilism {rN++ Regen+ Str+2
                  | Int-5}
 14955 | Orc:1    | Entered Level 1 of the Orcish Mines
 15400 | Orc:2    | Entered Level 2 of the Orcish Mines
 15440 | Orc:2    | Noticed Rupert
 15444 | Orc:2    | Noticed Azrael
 15457 | Orc:2    | Killed Azrael
 15459 | Orc:2    | Killed Rupert
 15663 | Orc:2    | Found a staircase to the Elven Halls.
 15814 | Orc:2    | Reached skill level 21 in Axes
 15868 | Orc:2    | Found Leppoxt's Assorted Antiques.
 15868 | Orc:2    | Found Icsovagi's Book Shop.
 15870 | Orc:2    | Found Owinarae's Antique Weapon Boutique.
 15872 | Orc:2    | Found Ataoson's Weapon Emporium.
 16188 | Orc:2    | Found Ceint's Assorted Antiques.
 16197 | Orc:2    | Bought a triangular zirconium amulet for 190 gold pieces
 16197 | Orc:2    | Bought a pair of runed gloves for 285 gold pieces
 16762 | D:13     | Received a gift from Trog
 16775 | D:13     | Reached skill level 22 in Axes
 16775 | D:13     | Reached XP level 15. HP: 92/147 MP: 4/14
 17546 | D:13     | HP: 10/222 [mirror damage (6)]
 17546 | D:13     | Slain by a death knight

Illustrated notes

Levels and vault maps discovered:
D:1:      minmay_arrival_cross, layout_basic, nicolae_figureground_sparkle
D:2:      layout_rooms, shapermc_ecumenical_altar_petra, hangedman_glass_teeth,
          st_stairs_3, minmay_pentomino_s2, uniq_jessica
D:3:      layout_basic, kiku_gazebo_pond_becter,
          nicolae_wu_jian_immortal_techniques, mainiacjoe_overflow_paths,
          uniq_ijyb
D:4:      layout_basic, tgw_sif, nicolae_uskayaw_dance_hall,
          chequers_decorated_corner
D:5:      layout_gridville, chei_slow_surprise, nicolae_overflow_hidden_temple,
          minmay_temple_entry_glass, dk_vineyard_1, st_stairs_10
D:6:      layout_cave_pools, mainiacjoe_sewer_entry_somewhere_in_here_2,
          minmay_misc_feat_encased, minmay_fractal_squares_gapless_5,
          uniq_pikel, uniq_grinder
D:7:      layout_basic, jmf_multi_god_temple
D:8:      layout_loops_ring, nemelex_xobeh_ov_fountains_minmay,
          grunt_gozag_breadcrumbs, enter_bailey_2,
          nicolae_twisty_statue_hallways
D:9:      gammafunk_steamed_eel, layout_basic,
          mainiacjoe_overflow_small_starburst, uniq_maurice
D:10:     layout_cave_pools, nicolae_shop_clearance
D:11:     layout_big_octagon, david_lair_shrubbed
D:12:     layout_roguey
D:13:     regret_index_reflect_refract, layout_gridville,
          grunt_vaults_entry_fortified, eino_small_chamber_without_monster,
          st_stairs_6
Lair:1:   layout_small_grid, ebering_ghost_inner_flame, uniq_maggie
Lair:2:   layout_regular_city, elwin_shoals_entry_rooms, uniq_gastronok
Lair:3:   layout_chaotic_city, minmay_snake_entry_six_corridors,
          gauntlet_entry_generic, beast_lair_carwin_9, uniq_nergalle, uniq_sonja
Lair:4:   layout_misc_corridors, slime_entry_1, lemuel_fruit_tree
Lair:5:   minmay_lair_end_enchanted_forest, layout_regular_city,
          gammafunk_lair_bear_cave
Orc:1:    layout_caves, basic_altar
Orc:2:    st_orc_rangers, layout_caves, special_room, serial_shops, shop,
          uniq_rupert, uniq_azrael

Skill      XL: |  1  2  3  4  5  6  7  8  9 10 11 12 13 14 |
---------------+-------------------------------------------+-----
Fighting       | 4 5 6 7 9 10 12 13 15 16 17 | 17.7
Axes           | 4 5 6 7 8 10 12 14 16 18 22 | 22.8
Armour         | 3 4 5 6 8 10 11 13 14 15 17 | 17.4
Dodging        | |  2.4

Action                     |  1- 3 |  4- 6 |  7- 9 | 10-12 | 13-15 || total
---------------------------+-------+-------+-------+-------+-------++-------
  Melee: Hand axe          |    58 |    78 |   173 |    93 |       ||   402
         Headbutt          |    10 |    14 |    49 |   103 |   115 ||   291
         Punch             |       |     2 |     3 |     4 |       ||     9
         War axe           |       |       |    98 |    99 |       ||   197
         Executioner's axe |       |       |       |   235 |   548 ||   783
 Invoke: Berserk           |     1 |     1 |     3 |     5 |     8 ||    18
         Brothers in Arms  |       |       |       |       |     1 ||     1
    Use: Scroll            |       |       |     4 |     9 |     6 ||    19
         Potion            |       |       |       |     1 |       ||     1
 Armour: Animal skin       |    21 |       |       |       |       ||    21
         Ring mail         |    14 |    48 |       |       |       ||    62
         Plate armour      |       |     8 |   172 |   407 |   407 ||   994
  Dodge: Dodged            |    38 |    43 |   165 |   425 |   536 ||  1207
